 Dungeon Crawl Stone Soup version 0.20.1-1-g8b1a95d (webtiles) character file.

1670 mathosse the Unseen (level 8, -1/56 HPs)
             Began as a Vampire Assassin on Oct 22, 2017.
             Was a Follower of Okawaru.
             Shot with a sling bullet by Joseph (2 damage)
             ... on level 7 of the Dungeon.
             The game lasted 00:44:22 (7056 turns).

mathosse the Unseen (Vampire Assassin)              Turns: 7056, Time: 00:44:22

Health: -1/56      AC:  5    Str:  9 (12) XL:     8   Next: 69%
Magic:  7/8        EV: 12    Int: 11 (13) God:    Okawaru [*.....]
Gold:   497        SH:  0    Dex: 17 (18) Spells: 7/7 levels left

rFire    . . .     SeeInvis +   a - +2 dagger
rCold    . . .     Gourm    .   (no shield)
rNeg     . . .     Faith    .   s - +0 leather armour
rPois    .         Spirit   .   k - +1 hat
rElec    .         Reflect  .   d - +0 cloak
rCorr    .         Harm     .   (no gloves)
MR       .....                  (no boots)
Stlth    ++++++....             (no amulet)
Regen    0.4/turn               y - +2 ring of strength
MPRegen  0.2/turn               z - ring of wizardry

@: regenerating quickly, hasted, very quick
A: fangs 3, see invisible, unbreathing
a: Heroism, Renounce Religion


You were on level 7 of the Dungeon.
You worshipped Okawaru.
Okawaru was aware of your devotion.
You were very full.

You visited 2 branches of the dungeon, and saw 9 of its levels.
You also visited: Sewer.

You collected 497 gold pieces.

Inventory:

Hand Weapons
 a - a +2 dagger (weapon)
 b - a +0 blowgun
Missiles
 e - 39 poisoned needles (quivered)
 f - a curare-tipped needle
Armour
 c - a +0 robe
 d - a +0 cloak (worn)
 k - a +1 hat (worn)
 n - a +0 large shield of reflection
 s - a +0 leather armour (worn)
 x - a +0 helmet
 D - a +0 helmet
Jewellery
 r - an uncursed ring of fire
 y - a +2 ring of strength (left hand)
 z - a ring of wizardry (right hand)
 B - an uncursed ring of teleportation
Wands
 C - a wand of lightning (0/15)
 F - a wand of disintegration (11/24)
 G - a wand of lightning (1/15)
Scrolls
 g - 2 scrolls of blinking {unknown}
 h - 4 scrolls of teleportation
 i - 4 scrolls of remove curse
 l - a scroll of recharging {unknown}
 m - 3 scrolls of amnesia {unknown}
 o - a scroll of enchant weapon {unknown}
 p - 3 scrolls of identify {unknown}
 t - a scroll of enchant armour {unknown}
 v - a scroll of fog {unknown}
 E - a scroll of fear {unknown}
Potions
 j - 2 potions of haste
 q - 3 potions of degeneration
 u - a potion of might
 w - a potion of agility {unknown}
 A - 3 potions of curing {unknown}
 H - a potion of brilliance {unknown}


   Skills:
 - Level 2.0 Fighting
 - Level 3.0 Short Blades
 - Level 2.0 Throwing
 - Level 2.0 Dodging
 * Level 16.2 Stealth


You had 7 spell levels left.
You didn't know any spells.

Dungeon Overview and Level Annotations

Branches:
Dungeon (8/15)             Temple (1/1) D:4
   Lair: D:8-11

Altars:
Ashenzari
Cheibriados
Dithmenos
Elyvilon
Fedhas
Gozag
Hepliaklqana
Kikubaaqudgha
Makhleb
Nemelex Xobeh
Okawaru
Qazlal
Ru
Sif Muna
Trog
Uskayaw
Xom
Yredelemnul
Zin
The Shining One

Shops:
D:6 (

Annotations:
D:7 Joseph; Schiappus's ghost, novice TrBe


Innate Abilities, Weirdness & Mutations

Your natural rate of healing is unusually fast.
You have razor-sharp teeth.
You have supernaturally acute eyesight. (SInv)
You can survive without breathing.


Message History

Joseph unwields an uncursed quarterstaff.
Joseph wields an uncursed hunting sling of velocity.
Joseph shoots a sling bullet.
The sling bullet misses you.
Aiming: Disintegrate (will waste charges)
Press: ? - help, Shift-Dir - straight line, f - Joseph
Aim: Joseph, wielding a hunting sling of velocity and wearing a ring mail (lightly wounded, chance to defeat MR: 48%) Joseph resists with some effort.
Evoking this partially-identified wand wasted a few charges.
You hit Joseph. Your bite misses Joseph.
Joseph is lightly wounded.
Joseph unwields an uncursed hunting sling of velocity.
Joseph wields an uncursed quarterstaff.
Joseph hits you with an uncursed quarterstaff!
* * * LOW HITPOINT WARNING * * *
You feel yourself speed up.
Joseph unwields an uncursed quarterstaff.
Joseph wields an uncursed hunting sling of velocity.
Joseph shoots a sling bullet.
The sling bullet hits you!
* * * LOW HITPOINT WARNING * * *
You die...

#..[.......# ###
#..........# #
#..........# #
#..........# ###
#..........# ...
#############..........#
###
?..........##..........#
#
...........##..........#
..
...........##@.........#
#.
.......$...@.....(######
# ...........########
...........#
#####.###+## #. #. ##


You could see Joseph.

Vanquished Creatures
  An eye of draining (D:8)
  A phantom (D:4)
  3 ogres
  A sky beast (D:6)
  A bullfrog (Sewer)
  A scorpion (D:6)
  2 bullfrog zombies (D:5)
  3 hounds
  2 quasits
  An orc priest (D:6)
  3 orc wizards (D:6)
  Jessica (D:3)
  2 iguanas (D:4)
  5 worker ants
  A hound skeleton (D:4)
  Robin (D:4)
  9 gnolls
  13 adders
  A shadow imp (D:6)
  An adder zombie (D:6)
  12 oozes
  An adder skeleton (D:4)
  2 worms (D:4)
  A dart slug (D:2)
  25 leopard geckos
  12 orcs
  12 ball pythons
  22 giant cockroaches
  14 goblins
  9 hobgoblins
  12 jackals
  A quokka (D:4)
  4 bats
  19 frilled lizards
  7 kobolds
  9 rats
215 creatures vanquished.

Notes
Turn   | Place    | Note
-------+----------+-------------------------------------------
     0 | D:1      | mathosse the Vampire Assassin began the quest for the Orb.
     0 | D:1      | Reached XP level 1. HP: 16/16 MP: 1/1
    68 | D:1      | Reached skill level 6 in Stealth
   139 | D:1      | Reached XP level 2. HP: 15/22 MP: 2/2
   252 | D:1      | Reached XP level 3. HP: 6/27 MP: 3/3
   808 | D:2      | Reached XP level 4. HP: 33/33 MP: 4/4
   921 | D:2      | Found a hide-covered altar of Uskayaw.
   960 | D:2      | Reached skill level 7 in Stealth
  1521 | D:3      | Found a sacrificial altar of Ru.
  1944 | D:4      | Found a glowing drain.
  1988 | Sewer    | Entered a sewer
  2004 | Sewer    | Reached skill level 8 in Stealth
  2034 | Sewer    | Reached XP level 5. HP: 31/38 MP: 5/5
  2239 | Sewer    | Reached skill level 9 in Stealth
  2499 | Sewer    | Reached XP level 6. HP: 44/44 MP: 6/6
  2559 | Sewer    | Reached skill level 10 in Stealth
  2831 | D:3      | Noticed Jessica
  2833 | D:3      | Killed Jessica
  3101 | D:3      | Found a bloodstained altar of Trog.
  3155 | D:3      | Reached skill level 11 in Stealth
  3537 | D:4      | Found a hazy altar of Hepliaklqana.
  3539 | D:4      | Found a blossoming altar of Fedhas.
  3542 | D:4      | Found an iron altar of Okawaru.
  3571 | D:4      | Found a glowing golden altar of the Shining One.
  3571 | D:4      | Noticed Robin
  3665 | D:5      | Entered Level 5 of the Dungeon
  3765 | D:5      | Reached XP level 7. HP: 42/50 MP: 7/7
  4155 | D:4      | Found a white marble altar of Elyvilon.
  4204 | D:4      | Found a staircase to the Ecumenical Temple.
  4210 | Temple   | Entered the Ecumenical Temple
  4511 | D:4      | Became a worshipper of Warmaster Okawaru
  4549 | D:4      | Reached skill level 12 in Stealth
  4708 | D:4      | Killed Robin
  4839 | D:6      | Reached skill level 13 in Stealth
  5036 | D:5      | Found a stormy altar of Qazlal.
  5313 | D:5      | Reached * piety under Okawaru
  5313 | D:5      | Reached skill level 14 in Stealth
  5313 | D:5      | Reached XP level 8. HP: 56/56 MP: 8/8
  6025 | D:6      | Found a shadowy altar of Dithmenos.
  6332 | D:6      | Reached skill level 15 in Stealth
  6554 | D:6      | Found a sparkling altar of Nemelex Xobeh.
  6566 | D:6      | Found Bexas's Weapon Boutique.
  6850 | D:8      | Reached skill level 16 in Stealth
  6964 | D:7      | Noticed Schiappus's ghost (novice TrBe)
  7020 | D:7      | Noticed Joseph
  7056 | D:7      | HP: 1/56 [Joseph/sling bullet (8)]
  7056 | D:7      | Shot with a sling bullet by Joseph

Skill      XL: |  1  2  3  4  5  6  7  8 |
---------------+-------------------------+-----
Stealth        | 6 8 9 11 14 16 | 16.2
Fighting       | 2 |  2.0
Dodging        | 2 |  2.0
Short Blades   | 3 |  3.0
Throwing       | 2 |  2.0

Action                   |  1- 3 |  4- 6 |  7- 9 || total
-------------------------+-------+-------+-------++-------
Melee: Dagger            |   103 |   437 |   313 ||   853
       Bite              |     6 |    41 |    46 ||    93
       Punch             |       |       |     2 ||     2
 Fire: Blowgun           |       |    17 |     8 ||    25
Invok: Heroism           |       |       |     1 ||     1
Evoke: Wand              |       |       |     4 ||     4
  Use: Scroll            |       |       |     2 ||     2
       Potion            |       |       |     4 ||     4
 Stab: Sleeping          |    10 |    18 |    15 ||    43
       Distracted        |       |       |     2 ||     2
  Eat: Corpse            |     9 |    15 |    16 ||    40
Armor: Robe              |    14 |    18 |       ||    32
       Leather armour    |       |   100 |    81 ||   181
Dodge: Dodged            |    52 |   286 |   184 ||   522
